 Dungeon Crawl Stone Soup version 0.29.1-15-g9cfb28693d (webtiles) character file.

Game seed: 11653930194077291242

1089 Descartes the Shield-Bearer (level 8, -3/62 HPs)
             Began as a Formicid Fighter on Apr 2, 2023.
             Slain by Edmund
             ... wielding a +5 flail of protection
              (13 damage)
             ... on level 5 of the Dungeon.
             The game lasted 00:07:51 (4202 turns).

Descartes the Shield-Bearer (Formicid Fighter)      Turns: 4202, Time: 00:07:51

Health: -3/62      AC:  7    Str: 21 (23) XL:     8   Next: 56%
Magic:  8/8        EV:  9    Int:  6 (8)  God:
Gold:   386        SH:  5    Dex: 12 (13) Spells: 7/7 levels left

rFire   . . .      SeeInvis +   a - +0 war axe
rCold   . . .      Faith    .   c - +0 buckler
rNeg    . . .      Spirit   .   y - +0 scale mail
rPois   .          Reflect  .   (helmet unavailable)
rElec   .          Harm     .   (no cloak)
rCorr   .          Rampage  .   (no gloves)
Will    +....                   (no boots)
Stlth   ..........              (no amulet)
HPRegen 0.20/turn               e - +4 ring of slaying
MPRegen 0.11/turn               p - ring of willpower

@: mighty
A: permanent stasis, dig shafts and tunnels, antennae 3, four strong arms
a: Dig, Shaft Self


You were on level 5 of the Dungeon.
You visited 1 branch of the dungeon, and saw 5 of its levels.

You collected 386 gold pieces.

Inventory:

Hand Weapons
 a - a +0 war axe (weapon)
 b - a +0 arbalest
Missiles
 i - 4 boomerangs
 q - 3 curare-tipped darts
 s - 16 poisoned darts
Armour
 c - a +0 buckler (worn)
 y - a +0 scale mail (worn)
Jewellery
 e - a +4 ring of slaying (left hand)
 o - a ring of poison resistance
 p - a ring of willpower (right hand)
 x - a +6 ring of intelligence
Wands
 B - a wand of mindburst (8)
Scrolls
 f - a scroll of torment {unknown}
 k - 4 scrolls of identify {unknown}
 m - a scroll of blinking {unknown}
 n - a scroll of enchant armour {unknown}
 r - 2 scrolls of poison {unknown}
 v - a scroll of noise {unknown}
 w - 3 scrolls of silence {unknown}
 A - a scroll of fog {unknown}
 C - a scroll of summoning {unknown}
 E - a scroll of magic mapping {unknown}
Potions
 d - 2 potions of might
 g - a potion of degeneration
 h - a potion of flight {unknown}
 j - 2 potions of haste
 l - a potion of attraction {unknown}
 t - a potion of curing {unknown}
 u - a potion of heal wounds
 z - a potion of magic {unknown}
 D - a potion of lignification {unknown}


   Skills:
 - Level 5.0 Fighting
 + Level 4.9 Axes
 + Level 5.8 Armour
 + Level 6.9 Shields
 + Level 5.0 Earth Magic


You had 7 spell levels left.
You didn't know any spells.
Your spell library contained the following spells:

 Spells                   Type           Power      Damage    Failure   Level
 Magic Dart               Conj           0%         1d3       83%         1
 Call Imp                 Summ           0%         N/A       92%         2
 Static Discharge         Conj/Air       0%         3-3/arc   92%         2
 Sublimation of Blood     Necr           0%         N/A       92%         2
 Mephitic Cloud           Conj/Pois/Air  0%         N/A       99%         3
 Petrify                  Tmut/Erth      3%         N/A       99%         4
 Dispel Undead            Necr           0%         3d6       100%        4
 Sticky Flame             Conj/Fire      0%         2d3       100%        4
 Irradiate                Conj/Tmut      0%         3d11      100%        5


Dungeon Overview and Level Annotations

Branches:
Dungeon (5/15)
 Temple: D:4-7

Altars:
Okawaru
Sif Muna

Annotations:
D:5 Edmund


Innate Abilities, Weirdness & Mutations

You cannot be hasted, slowed, berserked, paralysed or teleported.
You can dig through walls and to a lower floor.
You have a pair of large antennae on your head. (SInv)
Your four strong arms can wield two-handed weapons with a shield.


Message History

Things that are here:
a +0 whip; an orc corpse
Items here: ))))) [[[ †††.
Found a +0 dagger.
Edmund drinks a potion.
Edmund suddenly seems more resistant.
It was a potion of haste.
Your stasis prevents you from being hasted.
You don't know any spells.
It was a potion of degeneration.
There was something very wrong with that liquid.
You feel weakened.
You feel dopey.
You feel clumsy.
It was a potion of heal wounds.
You feel much better.
You feel very mighty all of a sudden.
You barely miss Edmund. You block Edmund's attack.
You hit Edmund but do no damage. Edmund hits you but does no damage.
You hit Edmund.
Edmund is lightly wounded.
Edmund hits you with a +5 flail of protection!
You slash Edmund!
Edmund is moderately wounded.
Edmund hits you with a +5 flail of protection!
Edmund barely misses you.
You completely miss Edmund.
Edmund is moderately wounded.
Edmund mutters, "Who needs spells, anyway?"
Edmund hits you with a +5 flail of protection!
You closely miss Edmund.
Edmund is moderately wounded.
Edmund barely misses you.
Unknown command.
You slash Edmund!
Edmund is heavily wounded.
Edmund hits you with a +5 flail of protection.
* * * LOW HITPOINT WARNING * * *
Edmund hits you with a +5 flail of protection.
* * * LOW HITPOINT WARNING * * *
You hit Edmund.
Edmund is severely wounded.
Edmund hits you with a +5 flail of protection!
You die...

#....#.#...#
#.#.#.⌠.#..#
#.#..#.#.).#
.....###...###
#####........#
#####........#
...........### )
.....#....##########....
..........###.)@@.......
######....)...#########.
#....##### #....#
{{###....####
{#.........#
####..###... #<.# ##
#..#


You could see Edmund (resistant).

Vanquished Creatures
  The ghost of u553311 the Caller, an amateur MfSu (D:4)
  Eustachio (D:5)
  Duvessa (D:5)
  An ogre (D:5)
  A kobold brigand (D:4)
  A scorpion (D:5)
  Dowan (D:5)
  A water moccasin skeleton (D:5)
  2 hounds
  2 iguanas
  Terence (D:2)
  Jessica (D:2)
  A hound skeleton (D:5)
  4 gnolls (D:3)
  2 adders
  A white imp (D:5)
  An ufetubus (D:5)
  4 worms
  A dart slug (D:2)
  4 orcs (D:5)
  5 bats
  5 endoplasms
  10 goblins
  9 hobgoblins
  5 jackals (D:1)
  5 ball pythons
  5 frilled lizards
  13 kobolds
  3 rats
92 creatures vanquished.

Vanquished Creatures (others)
  A fungus (D:4)
  3 plants (D:4)
  A withered plant (D:5)
5 creatures vanquished.

Grand Total: 97 creatures vanquished

Notes
Turn   | Place    | Note
-------+----------+-------------------------------------------
     0 | D:1      | Descartes the Formicid Fighter began the quest for the Orb.
     0 | D:1      | Reached XP level 1. HP: 18/18 MP: 1/1
   203 | D:1      | Reached XP level 2. HP: 13/24 MP: 2/2
   557 | D:1      | Reached skill level 1 in Earth Magic
   600 | D:1      | Reached XP level 3. HP: 26/29 MP: 3/3
   734 | D:1      | Found a faded altar of an unknown god.
  1402 | D:1      | Found a faded altar of an unknown god.
  1611 | D:2      | Noticed Jessica
  1616 | D:2      | Killed Jessica
  1617 | D:2      | Reached XP level 4. HP: 32/37 MP: 4/4
  1776 | D:2      | Noticed Terence
  1783 | D:2      | Killed Terence
  1784 | D:2      | Reached XP level 5. HP: 36/42 MP: 5/5
  1987 | D:2      | Found an iron altar of Okawaru.
  2288 | D:3      | Reached skill level 5 in Shields
  2641 | D:3      | Found a shimmering blue altar of Sif Muna.
  3021 | D:4      | Reached XP level 6. HP: 43/48 MP: 6/6
  3202 | D:4      | Found a runed translucent gate.
  3202 | D:4      | Found a runed translucent gate.
  3203 | D:4      | Found a runed translucent gate.
  3203 | D:4      | Noticed u553311's ghost (amateur MfSu)
  3381 | D:4      | Killed u553311's ghost
  3382 | D:4      | Reached XP level 7. HP: 14/55 MP: 1/7
  3643 | D:5      | Entered Level 5 of the Dungeon
  3757 | D:5      | Noticed Eustachio
  3773 | D:5      | Killed Eustachio
  3774 | D:5      | Reached skill level 5 in Fighting
  3774 | D:5      | Reached skill level 5 in Armour
  3774 | D:5      | Reached skill level 6 in Shields
  4036 | D:5      | Reached XP level 8. HP: 62/62 MP: 8/8
  4045 | D:5      | Noticed Dowan
  4047 | D:5      | Noticed Duvessa
  4066 | D:5      | Killed Duvessa
  4082 | D:5      | Killed Dowan
  4118 | D:5      | Reached skill level 5 in Earth Magic
  4187 | D:5      | Noticed Edmund
  4202 | D:5      | Slain by Edmund

Illustrated notes

Levels and vault maps discovered:
D:1:      dpeg_arrival_morbid_curiosity, layout_basic,
          shapermc_ecumenical_altar_mp_urbaneastern
D:2:      layout_rooms, basic_altar, grunt_ministairs_3, hex_tiny, uniq_terence,
          uniq_jessica
D:3:      layout_basic, amcnicky_altar_gilded
D:4:      layout_cave_pools, gammafunk_ghost_nasty_kobolds, chequers_garden
D:5:      minmay_chambers_of_threes, layout_rooms,
          mainiacjoe_overflow_tiny_flanked, ashenzari_altar_1, serial_shops,
          shop, serial_undead, serial_undead_e, serial_undead_f,
          serial_undead_f, serial_undead_e, minmay_misc_feat_diagonals,
          grunt_decor_one_mirror, nrook_pool_corridor, reono_crystal_passage,
          minmay_fractal_squares_5, uniq_duvessa, uniq_eustachio, uniq_edmund

Skill      XL: |  1  2  3  4  5  6  7  8 |
---------------+-------------------------+-----
Earth Magic    | 1 2 3 4 5 |  5.0
Fighting       | 4 5 |  5.0
Armour         | 4 5 |  5.8
Shields        | 5 6 |  6.9
Axes           | 3 4 |  4.9

Action                   |  1- 3 |  4- 6 |  7- 9 || total
-------------------------+-------+-------+-------++-------
Melee: War axe           |    62 |   104 |    67 ||   233
 Abil: Dig               |       |     1 |       ||     1
  Use: Potion            |       |       |     5 ||     5
Armor: Scale mail        |    39 |    31 |    26 ||    96
Dodge: Dodged            |    31 |    38 |    26 ||    95
Block: Buckler           |    26 |    20 |    24 ||    70
